 Dungeon Sprint DCSS version 0.31-a0-596-g831eee08f1 (webtiles) character file.

Game seed: 2626509986827382855

22079 sircluck the Ninja (level 13, -2/92 HPs)
             Began as a Kobold Brigand on Aug 20, 2023.
             Was the Champion of Qazlal.
             Slain by a spriggan rider
             ... wielding a +1 spear of venom
              (21 damage)
             ... in the Dungeon (Sprint VII: "The Pits").
             The game lasted 00:14:02 (2148 turns).

sircluck the Ninja (Kobold Brigand)                 Turns: 2148, Time: 00:14:03

Health: -2/92      AC: 18    Str:  8    XL:     13   Next: 24%
Magic:  13/13      EV: 28    Int: 13    God:    Qazlal [******]
Gold:   15         SH:  8    Dex: 24    Spells: 12/12 levels left

rFire   . . .        q - +2 dagger (elec)
rCold   . . .        (no shield)
rNeg    . . .        x - +5 ring mail
rPois   .            k - +0 hat {Will+}
rElec   .            c - +0 cloak
rCorr   .            (no gloves)
SInv    .            y - +0 pair of boots
Will    +....        (no amulet)
Stlth   +++          u - +3 ring of dexterity
HPRegen 0.35/turn    v - +3 ring of evasion
MPRegen 0.13/turn

%: no teleportation, repel missiles
@: protected from physical damage, on berserk cooldown
A: small, no large weapons, nightstalker 3
a: Renounce Religion, Upheaval, Elemental Force, Disaster Area


You were in the Dungeon.
You worshipped Qazlal.
Qazlal was exalted by your worship.
You visited 1 branch You collected 15 gold pieces.

Inventory:

Hand Weapons
 a - a +2 dagger
 q - a +2 dagger of electrocution (weapon)
 r - a +1 dagger of venom
 t - a +0 orcbow of draining
 z - a +2 rapier of distortion
 L - a +2 dagger of distortion
Missiles
 d - 9 poisoned darts (quivered)
 e - 5 curare-tipped darts
 l - a throwing net
 p - 27 stones
Armour
 b - a +0 robe
 c - a +0 cloak (worn)
 k - a +0 hat of willpower (worn)
 s - a +0 leather armour
 x - a +5 ring mail (worn)
 y - a +0 pair of boots (worn)
Jewellery
 u - a +3 ring of dexterity (left hand)
 v - a +3 ring of evasion (right hand)
 E - the amulet of Orusoul {Faith Rampage rC+ Will-}
   (You found it in the Dungeon)

   [amulet of faith]

   Faith:     It allows you to gain divine favour quickly.
   rC+:       It protects you from cold.
   Will-:     It decreases your willpower.
   Rampage:   It bestows one free step when moving towards enemies.
 H - a ring of positive energy
 I - a ring of fire
 J - a ring of protection from cold
 K - a ring of see invisible
Scrolls
 j - 2 scrolls of enchant weapon
 m - 2 scrolls of vulnerability
 n - 5 scrolls of amnesia
 o - 4 scrolls of enchant armour
 A - 3 scrolls of blinking
 D - 3 scrolls of identify
 G - a scroll of fear
Potions
 f - 8 potions of curing
 g - 2 potions of heal wounds
 h - a potion of haste
 i - 4 potions of magic
 w - 2 potions of resistance
 B - a potion of berserk rage
 C - a potion of might


   Skills:
 + Level 15.5 Fighting
 + Level 18.2 Short Blades
 - Level 2.1 Throwing
 + Level 10.5 Armour
 + Level 16.3 Dodging
 O Level 27 Stealth


You had 12 spell levels left.
You didn't know any spells.
Your spell library was empty.

Dungeon Overview and Level Annotations

Branches:
Dungeon (1/1)

Altars:
Ashenzari
Cheibriados
Dithmenos
Elyvilon
Fedhas
Gozag
Hepliaklqana
Kikubaaqudgha
Makhleb
Nemelex Xobeh
Okawaru
Qazlal
Ru
Sif Muna
Trog
Uskayaw
Vehumet
Wu Jian
Xom
Yredelemnul
Zin
The Shining One
Jiyva
Lugonu


Innate Abilities, Weirdness & Mutations

You are small and have problems with some larger weapons.
You are completely attuned to the shadows.


Message History

The six-headed hydra completely misses you.
The six-headed hydra misses you. The snapping turtle misses you.
You hit the spriggan rider.
The spriggan rider is lightly wounded.
You block the spriggan rider's attack.
The six-headed hydra completely misses you. x4
The six-headed hydra misses you.
The six-headed hydra completely misses you.
The snapping turtle closely misses you.
You hit the spriggan rider.
The spriggan rider is lightly wounded.
The spriggan rider completely misses you.
You hit the spriggan rider but do no damage.
The spriggan rider is lightly wounded.
You hear a screech!
You block the six-headed hydra's attack.
The six-headed hydra completely misses you. x3
You block the six-headed hydra's attack.
The six-headed hydra bites you but does no damage.
The snapping turtle bites you from afar!
* * * LOW HITPOINT WARNING * * *
You feel more protected from physical attacks.
You miss the spriggan rider.
The spriggan rider is lightly wounded.
You flicker back into view.
The spriggan rider barely misses you.
The six-headed hydra bites you but does no damage.
The six-headed hydra bites you.
* * * LOW HITPOINT WARNING * * *
You feel more protected from physical attacks.
The six-headed hydra barely misses you. The six-headed hydra misses you.
The six-headed hydra bites you but does no damage.
The six-headed hydra closely misses you.
The snapping turtle closely misses you.
You closely miss the spriggan rider.
The spriggan rider is lightly wounded.
You feel yourself speed up.
You hear a shout!
The spriggan rider hits you with a +1 spear of venom!!
You die...

#####################
#....................
#....................
#..################..
#..##i#o#H #..
#..#@#☼#R# #..
#..##D#o# #..#.#t#
#..##)#s# #..#'####
#############........
#_________.##........
#_________.##########
#_______...#######
#++#########


You could see a six-headed hydra, a snapping turtle, a spriggan rider and a wolf
spider.

Vanquished Creatures
  Gastronok (D)
  Donald (D)
  An orc warlord (D)
  A black draconian (D)
  A merfolk avatar (D)
  2 anacondas (D)
  A demonic crawler (D)
  Sonja (D)
  A deep elf knight (D)
  A sun demon (D)
  3 skeletal warriors (D)
  A sea snake (D)
  A deep troll (D)
  A lindwurm (D)
  3 harpies (D)
  A deep elf zephyrmancer (D)
  An orc knight (D)
  A deep elf pyromancer (D)
  2 manticores (D)
  An orange demon (D)
  An unseen horror (D)
  A cane toad (D)
  Psyche (D)
  An efreet (D)
  A freezing wraith (D)
  A komodo dragon (shapeshifter) (D)
  2 kobold demonologists (D)
  An ice devil (D)
  A guardian mummy (D)
  A merfolk (D)
  2 trolls (D)
  A tarantella (D)
  A hellwing (D)
  5 dream sheep (D)
  A shadow (D)
  A fire elemental (D)
  6 yaks (D)
  A wraith (D)
  A steam dragon (D)
  A basilisk (D)
  A fire bat (D)
  2 wargs (D)
  A water moccasin (D)
  A floating eye (D)
  A swamp drake (D)
  6 orc warriors (D)
  2 centaurs (D)
  A bullfrog (D)
  A gnoll sergeant (D)
  A scorpion (D)
  A small abomination (D)
  6 killer bees (D)
  An orc priest (D)
  Jessica (D)
  An iguana (D)
  2 orc wizards (D)
  A hell rat (D)
  5 mummies (D)
  6 gnolls (D)
  An adder (D)
  A river rat (D)
  An ufetubus (D)
  5 orcs (D)
  A giant cockroach (D)
  A goblin (D)
  4 jackals (D)
  A kobold (D)
  A quokka (D)
  A frilled lizard (D)
  A giant cockroach zombie (D)
  A rat (D)
117 creatures vanquished.

Vanquished Creatures (collateral kills)
  A gnoll (D)
1 creature vanquished.

Vanquished Creatures (others)
  A hornet (D)
  A spriggan (D)
  An orc warrior (D)
3 creatures vanquished.

Grand Total: 121 creatures vanquished

Notes
Turn   | Place    | Note
-------+----------+-------------------------------------------
     0 | D        | sircluck the Kobold Brigand began the quest for the Orb.
     0 | D        | Reached XP level 1. HP: 12/12 MP: 1/1
    10 | D        | Noticed a floating eye
    13 | D        | Killed a floating eye
    14 | D        | Reached skill level 13 in Stealth
    14 | D        | Reached XP level 2. HP: 17/17 MP: 2/2
    14 | D        | Reached XP level 3. HP: 21/21 MP: 3/3
    14 | D        | Reached XP level 4. HP: 26/26 MP: 4/4
    14 | D        | Reached XP level 5. HP: 30/30 MP: 5/5
    40 | D        | Found a bloodstained altar of Trog.
    40 | D        | Found a shimmering blue altar of Sif Muna.
    40 | D        | Found a viscous altar of Jiyva.
    40 | D        | Found a hazy altar of Hepliaklqana.
    40 | D        | Found an opulent altar of Gozag.
    41 | D        | Found a glowing golden altar of the Shining One.
    41 | D        | Found a glowing silver altar of Zin.
    41 | D        | Found a sacrificial altar of Ru.
    41 | D        | Found a stormy altar of Qazlal.
    41 | D        | Found a blossoming altar of Fedhas.
    42 | D        | Found a basalt altar of Yredelemnul.
    42 | D        | Found an iron altar of Okawaru.
    42 | D        | Found a white marble altar of Elyvilon.
    43 | D        | Found a sparkling altar of Nemelex Xobeh.
    43 | D        | Found a shimmering altar of Xom.
    43 | D        | Found a shadowy altar of Dithmenos.
    44 | D        | Found a burning altar of Makhleb.
    44 | D        | Found an ornate altar of the Wu Jian Council.
    44 | D        | Found a snail-covered altar of Cheibriados.
    45 | D        | Found a corrupted altar of Lugonu.
    45 | D        | Found a radiant altar of Vehumet.
    46 | D        | Became a worshipper of Qazlal Stormbringer
    47 | D        | Found an ancient bone altar of Kikubaaqudgha.
    47 | D        | Found a hide-covered altar of Uskayaw.
    47 | D        | Found a broken altar of Ashenzari.
    81 | D        | Reached skill level 14 in Stealth
    86 | D        | Reached * piety under Qazlal
    94 | D        | Noticed Jessica
   106 | D        | Killed Jessica
   106 | D        | Reached ** piety under Qazlal
   107 | D        | Reached XP level 6. HP: 30/38 MP: 6/6
   189 | D        | Reached *** piety under Qazlal
   194 | D        | Reached skill level 5 in Short Blades
   220 | D        | HP: 1/38 [centaur (6)]
   225 | D        | Reached skill level 15 in Stealth
   226 | D        | Reached **** piety under Qazlal
   236 | D        | Reached skill level 5 in Fighting
   236 | D        | Reached skill level 5 in Dodging
   257 | D        | Reached skill level 16 in Stealth
   265 | D        | Reached ***** piety under Qazlal
   266 | D        | Reached XP level 7. HP: 26/44 MP: 7/7
   342 | D        | Noticed a hellwing
   357 | D        | Killed a hellwing
   358 | D        | Reached skill level 17 in Stealth
   375 | D        | Reached XP level 8. HP: 26/53 MP: 8/8
   438 | D        | Reached skill level 18 in Stealth
   607 | D        | Killed an unseen horror
   608 | D        | Reached skill level 1 in Armour
   677 | D        | Noticed a freezing wraith
   680 | D        | Noticed a shadow
   682 | D        | Noticed a yak
   682 | D        | Noticed a yak
   682 | D        | Noticed a cane toad
   685 | D        | Reached skill level 19 in Stealth
   685 | D        | Killed a freezing wraith
   685 | D        | Reached ****** piety under Qazlal
   686 | D        | Reached skill level 10 in Short Blades
   686 | D        | Reached XP level 9. HP: 58/60 MP: 3/9
   693 | D        | Killed a cane toad
   694 | D        | Reached skill level 20 in Stealth
   707 | D        | Reached skill level 10 in Dodging
   713 | D        | Reached skill level 21 in Stealth
   713 | D        | Reached XP level 10. HP: 37/68 MP: 5/10
   769 | D        | Noticed an orange demon
   775 | D        | Killed an orange demon
   776 | D        | Reached skill level 10 in Fighting
   807 | D        | Noticed a deep troll
   817 | D        | Noticed a manticore
   821 | D        | Killed a deep troll
   822 | D        | Reached skill level 5 in Armour
   823 | D        | Reached skill level 22 in Stealth
   827 | D        | Killed a manticore
   841 | D        | Noticed a lindwurm
  1013 | D        | Killed a lindwurm
  1022 | D        | Noticed a deep elf pyromancer
  1040 | D        | Killed a deep elf pyromancer
  1049 | D        | Noticed Gastronok
  1049 | D        | Noticed an orc warlord
  1049 | D        | Noticed a fire crab
  1054 | D        | Reached skill level 23 in Stealth
  1054 | D        | Reached XP level 11. HP: 74/74 MP: 2/11
  1104 | D        | Killed an orc warlord
  1139 | D        | Reached skill level 24 in Stealth
  1149 | D        | Killed Gastronok
  1294 | D        | Noticed Sonja
  1294 | D        | Noticed a sea snake
  1294 | D        | Noticed Donald
  1308 | D        | Killed Sonja
  1314 | D        | Noticed a demonic crawler
  1319 | D        | Killed a sea snake
  1320 | D        | Reached skill level 15 in Short Blades
  1320 | D        | Reached skill level 25 in Stealth
  1324 | D        | Killed Donald
  1325 | D        | Reached XP level 12. HP: 84/84 MP: 12/12
  1336 | D        | Killed a demonic crawler
  1469 | D        | Got the amulet of Orusoul {Faith Rampage rC+ Will-}
  1575 | D        | Noticed a sun demon
  1578 | D        | Noticed Psyche
  1600 | D        | Killed a sun demon
  1601 | D        | Reached skill level 26 in Stealth
  1611 | D        | Killed Psyche
  1750 | D        | Noticed a deep elf knight
  1756 | D        | Killed a deep elf knight
  1883 | D        | Noticed a merfolk avatar
  1895 | D        | Killed a merfolk avatar
  2000 | D        | Noticed a skeletal warrior
  2012 | D        | Reached skill level 27 in Stealth
  2012 | D        | Noticed a skeletal warrior
  2033 | D        | Killed a skeletal warrior
  2033 | D        | Noticed an anaconda
  2034 | D        | Reached skill level 15 in Dodging
  2045 | D        | Killed an anaconda
  2059 | D        | Noticed a skeletal warrior
  2092 | D        | Killed a skeletal warrior
  2093 | D        | Reached XP level 13. HP: 45/91 MP: 10/13
  2094 | D        | Noticed an anaconda
  2107 | D        | Killed an anaconda
  2108 | D        | Reached skill level 15 in Fighting
  2108 | D        | Reached skill level 10 in Armour
  2130 | D        | Identified the ring of Sin {rF+ AC+4 Int+3}
  2130 | D        | Noticed a black draconian
  2136 | D        | Noticed a six-headed hydra
  2139 | D        | Killed a black draconian
  2148 | D        | Slain by a spriggan rider

Illustrated notes

Levels and vault maps discovered:
D:        pitsprint [storerooms_1, entrance_room_1, metal_vault_4, armoury_2,
          mini_pit_1, grid_room_1, main_hall_1, silver_pit, the_coven_3,
          the_vestibule_1, steel_vault_1, golden_pit, hallway_of_sentries,
          crystal_vault_2, iron_vault_4, final_vault]

Skill      XL: |  1  2  3  4  5  6  7  8  9 10 11 12 13 |
---------------+----------------------------------------+-----
Stealth        | 13 14 16 17 19 21 23 25 27 | 27.0
Fighting       | 3 5 7 8 9 11 13 14 15 | 15.5
Short Blades   | 4 6 8 10 11 13 15 17 18 | 18.2
Dodging        | 3 5 7 8 10 11 13 15 16 | 16.3
Armour         | 2 4 6 8 9 10 | 10.5
Throwing       | |  2.1

Action                     |  1- 3 |  4- 6 |  7- 9 | 10-12 | 13-15 || total
---------------------------+-------+-------+-------+-------+-------++-------
  Melee: Dagger            |     1 |    76 |    96 |   354 |    51 ||   578
         Punch             |       |     2 |     2 |     6 |       ||    10
         Unarmed           |       |       |       |    10 |       ||    10
  Throw: Dart              |       |       |       |     1 |       ||     1
 Invoke: Elemental Force   |       |       |     1 |       |       ||     1
         Upheaval          |       |       |       |     3 |       ||     3
         Disaster Area     |       |       |       |     2 |       ||     2
    Use: Potion            |       |     1 |     5 |    15 |     5 ||    26
         Scroll            |       |       |       |     2 |       ||     2
   Stab: Sleeping          |     1 |     3 |       |       |       ||     4
         Paralysed         |       |       |     1 |       |       ||     1
         Invisible         |       |       |     4 |     5 |     6 ||    15
 Armour: Robe              |       |     2 |       |       |       ||     2
         Leather armour    |       |     4 |     5 |       |       ||     9
         Ring mail         |       |       |    16 |    59 |    19 ||    94
         Skin              |       |       |       |     3 |       ||     3
  Dodge: Dodged            |       |    50 |    51 |   254 |   106 ||   461
         Repelled          |       |       |       |     2 |       ||     2
  Block: Other             |       |    11 |    21 |   122 |    42 ||   196

Table legend: (Time is in decaauts)
 A = Elapsed time spent in this place.
 B = Non-inter-level travel time spent in this place.
 C = Inter-level travel time spent in this place.
 D = Time resting spent in this place.
 E = Time spent auto-exploring this place.
 F = Levels seen in this place.
 G = Mean time per level.
                   A        B        C        D        E       F      G
               +--------+--------+--------+--------+--------+-----+--------+
         Total |   1902 |   1647 |    255 |    546 |    119 |   1 | 1902.0 |
       Dungeon |   1902 |   1647 |    255 |    546 |    119 |   1 | 1902.0 |
               +--------+--------+--------+--------+--------+-----+--------+

Top non-repeatable levels by time:
       D: 1902 daAuts
